 Dungeon Crawl Stone Soup version 0.27-a0-1105-g946c659c87 (webtiles) character file.

Game seed: 8277143106888994786

62433 DogServant the Thaumaturge (level 15, -2/149 HPs)
             Began as a Gnoll Venom Mage on Apr 29, 2021.
             Was the Champion of Okawaru.
             Slain by a titanic slime creature (81 damage)
             ... on level 14 of the Dungeon.
             The game lasted 01:52:50 (25024 turns).

DogServant the Thaumaturge (Gnoll Venom Mage)      Turns: 25024, Time: 01:52:51

Health: -2/149     AC: 30    Str: 11    XL:     15   Next: 6%
Magic:  7/29       EV: 17    Int: 18    God:    Okawaru [******]
Gold:   1015       SH:  0    Dex: 14    Spells: 3/35 levels left

rFire    . . .     SeeInvis .   Z - +9 staff of Olgreb {rPois∞}
rCold    . . .     Faith    .   (no shield)
rNeg     + . .     Spirit   .   (armour currently unavailable)
rPois    ∞         Reflect  .   I - +0 helmet
rElec    +         Harm     .   J - scarf {+Inv}
rCorr    .         Rampage  .   (gloves currently unavailable)
Will     ++...                  (boots currently unavailable)
Stlth    ++++......             u - amulet "Dyzxer" {RegenMP Will+}
HPRegen  1.34/turn              R - +4 ring of protection
MPRegen  0.46/turn              S - ring of wizardry

@: statue-form, very slow
A: slow and powerful, torment resistance 1, boosted hp, fangs 1, strong nose,
distributed training, clever 1, poison resistance, regeneration 1
a: End Transformation, Renounce Religion, Evoke Invisibility, Heroism, Finesse


You were on level 14 of the Dungeon.
You worshipped Okawaru.
Okawaru was exalted by your worship.
You were a living statue of rough stone.
You visited 3 branches of the dungeon, and saw 20 of its levels.

You collected 1151 gold pieces.
You spent 136 gold pieces at shops.

Inventory:

Hand Weapons
 c - a +1 spectral whip
 Z - the +9 staff of Olgreb (weapon) {rPois∞}
   (You found it on level 6 of the Lair of Beasts)

   It may poison the flesh of those it strikes, and is more effective with a
   high Evocations skill.
   It enhances your poison magic.
   It grants immunity to poison.
   It can be evoked to poison those around you for a time.
Missiles
 d - 4 curare-tipped darts
 q - 557 stones
Armour
 m - a +2 cloak
 v - a +2 buckler
 w - the +2 robe of Complete Protection {rN+ Will+ Str-4 Stlth+}
   (You bought it in a shop on level 2 of the Dungeon)

   It affects your strength (-4).
   It protects you from negative energy.
   It increases your willpower.
   It makes you more stealthy.
 B - a +2 robe of fire resistance
 F - +0 steam dragon scales (melded)
 I - a +0 helmet (worn)
 J - a scarf of invisibility (worn)
 N - the +2 pair of gloves "Renus" (melded) {rC+}
   (Okawaru gifted it to you on level 2 of the Lair of Beasts)

   It protects you from cold.
 V - a +2 pair of boots of flying (melded)
 W - a +2 robe of cold resistance
Magical Staves
 r - a staff of fire
 X - a staff of cold
Jewellery
 g - an amulet of the acrobat
 k - a ring of resist corrosion
 p - a ring of positive energy
 u - the amulet "Dyzxer" (around neck) {RegenMP Will+}
   (You acquired it on level 7 of the Dungeon)

   [amulet of magic regeneration]

   It increases your rate of magic regeneration.
   It increases your willpower.
 E - a ring of see invisible
 M - a ring of protection from cold
 O - the amulet "Bopsoh" {Regen+ Int+5}
   (You found it on level 1 of the Lair of Beasts)

   [amulet of regeneration]

   It affects your intelligence (+5).
   It increases your rate of health regeneration.
 R - a +4 ring of protection (left fist)
 S - a ring of wizardry (right fist)
Wands
 a - a wand of iceblast (3)
 h - a wand of digging (10)
 l - a wand of paralysis (5)
 s - a wand of mindburst (12)
 C - a wand of acid (12)
 D - a wand of flame (43)
Scrolls
 e - a scroll of summoning
 j - 3 scrolls of amnesia
 y - a scroll of holy word
 K - 2 scrolls of immolation
 L - 3 scrolls of enchant weapon
 Q - 3 scrolls of teleportation
 U - 3 scrolls of magic mapping
Potions
 b - a potion of berserk rage {unknown}
 f - a potion of ambrosia
 i - a potion of magic
 n - 2 potions of invisibility
 o - 7 potions of mutation
 t - 4 potions of haste
 x - 3 potions of resistance
 z - 3 potions of curing
 P - 3 potions of brilliance
 T - 3 potions of lignification
 Y - a potion of heal wounds


   Skills:
 + Level 9.7 Fighting
 + Level 9.7 Short Blades
 + Level 9.7 Long Blades
 + Level 9.7 Axes
 + Level 9.7 Maces & Flails
 + Level 9.7 Polearms
 + Level 9.7 Staves
 + Level 9.7 Slings
 + Level 9.7 Bows
 + Level 9.7 Crossbows
 + Level 9.7 Throwing
 + Level 9.7 Armour
 + Level 10.7 Dodging
 + Level 10.5 Stealth
 + Level 9.7 Shields
 + Level 9.7 Unarmed Combat
 + Level 10.9 Spellcasting
 + Level 8.1 Conjurations
 + Level 8.1 Hexes
 + Level 8.1 Summonings
 + Level 8.1 Necromancy
 + Level 8.1 Translocations
 + Level 8.5 Transmutations
 + Level 8.1 Fire Magic
 + Level 8.1 Ice Magic
 + Level 8.1 Air Magic
 + Level 8.1 Earth Magic
 + Level 9.8 Poison Magic
 + Level 10.5 Invocations
 + Level 9.7 Evocations


You had 3 spell levels left.
You knew the following spells:

 Your Spells              Type           Power      Damage    Failure   Level
a - Sting                 Tmut/Pois      100%       1d8       1%          1
b - Poisonous Vapours     Pois/Air       100%       N/A       1%          2
c - Ignite Poison         Fire/Tmut/Pois 58%        N/A       1%          3
d - Mephitic Cloud        Conj/Pois/Air  58%        N/A       1%          3
e - Olgreb's Toxic Radia  Pois           62%        N/A       1%          4
f - Tukima's Dance        Hex            39%        N/A       1%          3
g - Manifold Assault      Tloc           39%        N/A       2%          5
h - Irradiate             Conj/Tmut      19%        3d20      2%          5
i - Statue Form           Tmut/Erth      26%        N/A       16%         6

Your spell library contained the following spells:

 Spells                   Type           Power      Damage    Failure   Level
 Beastly Appendage        Tmut           80%        N/A       1%          1
 Corona                   Hex            43%        N/A       1%          1
 Magic Dart               Conj           100%       1d8       1%          1
 Blink                    Tloc           N/A        N/A       1%          2
 Call Imp                 Summ           39%        N/A       1%          2
 Ensorcelled Hibernation  Hex/Ice        78%        N/A       1%          2
 Slow                     Hex            39%        N/A       1%          2
 Wereblood                Tmut           40%        N/A       1%          2
 Confusing Touch          Hex            39%        N/A       1%          3
 Conjure Flame            Conj/Fire      39%        6-21      1%          3
 Dazzling Flash           Conj/Hex       78%        N/A       1%          3
 Gell's Gravitas          Tloc           19%        N/A       1%          3
 Lesser Beckoning         Tloc           19%        N/A       1%          3
 Spider Form              Tmut/Pois      29%        N/A       1%          3
 Teleport Other           Tloc           39%        N/A       1%          3
 Ice Form                 Ice/Tmut       39%        N/A       1%          4
 Petrify                  Tmut/Erth      39%        N/A       1%          4
 Hydra Form               Tmut           20%        N/A       2%          5
 Metabolic Englaciation   Hex/Ice        19%        N/A       2%          5
 Yara's Violent Unravell  Hex/Tmut       19%        3d9       2%          5
 Blade Hands              Tmut           20%        N/A       14%         6
 Freezing Cloud           Conj/Ice/Air   19%        6-21      16%         6
 Dragon Form              Tmut           20%        N/A       56%         7


Dungeon Overview and Level Annotations

Branches:
Dungeon (14/15)            Temple (1/1) D:7            Lair (6/6) D:8
  Swamp (0/4) Lair:4       Spider (0/4) Lair:2        Slime (0/5) Lair:5
 Vaults (0/5) D:13
    Orc: D:9-12

Altars:
Ashenzari
Cheibriados
Dithmenos
Elyvilon
Fedhas
Gozag
Hepliaklqana
Kikubaaqudgha
Makhleb
Nemelex Xobeh
Okawaru
Qazlal
Ru
Sif Muna
Trog
Uskayaw
Vehumet
Wu Jian
Xom
Yredelemnul
Zin
The Shining One
Jiyva

Shops:
D:2 [(*?   D:7 (

Annotations:
D:4 1 runed translucent door, confidenceinterval's ghost, weakling DsIE
D:5 3 runed translucent doors, crabbyslav's ghost, novice DsAK
D:7 Harold
D:10 exclusion: rakshasa
Lair:1 exclusion: oklob plant


Innate Abilities, Weirdness & Mutations

You are a living statue of rough stone.
Your actions are slow, but your melee attacks are powerful.
You are resistant to unholy torment.
Your maximum health is greatly increased.
Your equipment is partially melded.
You have very sharp teeth.
Your uncanny sense of smell can sniff out nearby items.
Your experience applies equally to all skills.
Your mind is acute. (Int +2)
Your system is resistant to poisons. (rPois)
Your natural rate of healing is unusually fast.


Message History

The large slime creature looks even sicker.
You sock the large slime creature!
You envenom the large slime creature.
The large slime creature looks even sicker.
You bludgeon the slime creature!!
You envenom the slime creature.
The slime creature looks even sicker.
The slime creature hits you but does no damage.
Two slime creatures merge to form a very large slime creature.
A large slime creature splits.
Unknown command.
Casting: Manifold Assault (mildly dangerous; 2% risk of failure)
Confirm with . or Enter, or press ? or * to list all spells.
Space momentarily warps into an impossible shape!
You thump the slime creature!
You envenom the slime creature!
The slime creature looks as sick as possible!
You sock the slime creature!
You envenom the slime creature.
The slime creature looks as sick as possible!
Two slime creatures merge to form an enormous slime creature.
Two slime creatures merge to form a titanic slime creature.
You revert to your normal fleshy form.
The +2 pair of gloves "Renus" {rC+} unmelds from your body.
Your +2 pair of boots of flying unmelds from your body.
Your +0 steam dragon scales unmelds from your body.
You fly up into the air.
Casting: Manifold Assault (dangerous; 2% risk of failure)
Confirm with . or Enter, or press ? or * to list all spells.
You feel a surge of power!
You ignite the poison in your surroundings!
The titanic slime creature seems to burn from within!!!
The titanic slime creature is severely wounded.
Unknown command.
The titanic slime creature hits you!!!
Casting: Ignite Poison (safe; 1% risk of failure)
Confirm with . or Enter, or press ? or * to list all spells.
You turn into a living statue of rough stone.
The +2 pair of gloves "Renus" {rC+} melds into your body.
Your +2 pair of boots of flying melds into your body.
Your +0 steam dragon scales melds into your body.
You float gracefully downwards.
The titanic slime creature hits you!!!!
Ouch! That really hurt!
You die...

#### #..##..# # ∆
...### #..#...##.##
..... #.#..#........
...# #.............
.# ..<#
###..#.###### #.#
...# ##.#.# #.# .#.#
#.#.#########.####
...#
#.#.J............###
####
#.###8###.###......#
# ∆ #.# #.#
#.###......## # #.
#.# #............ #
#)#######......## #
#...)..##.....>># #
#..###........... #
#..# ####.......# #
#.#
#..#####......### #
#.#
#................


You could see a titanic slime creature.

Vanquished Creatures
  A dire elephant (Lair:6)
  Fannar (Lair:4)
  A boulder beetle (D:13)
  7 hydras
  8 vault guards (D:13)
  Erolcha (D:11)
  2 catoblepae
  4 centaur warriors
  3 two-headed ogres
  A death yak (Lair:6)
  A spectral dire elephant (Lair:5)
  A tengu warrior (D:14)
  Pikel (D:7)
  A deep elf pyromancer (D:14)
  2 necromancers (Lair:6)
  An oklob plant (Lair:3)
  12 elephants
  Maurice (D:13)
  A dire elephant zombie (Lair:6)
  A torpor snail (Lair:5)
  2 cyclopes
  Joseph (D:8)
  3 black mambas
  16 cane toads
  A dire elephant skeleton (Lair:6)
  3 unseen horrors
  3 komodo dragons
  Psyche (D:8)
  2 rime drakes (Lair:6)
  An efreet (D:14)
  2 tengu conjurers (D:13)
  6 meliai
  A troll (D:13)
  A polar bear (Lair:2)
  A hornet (D:9)
  5 slime creatures (D:14)
  15 blink frogs
  A spectral elephant (Lair:6)
  7 dream sheep (Lair:6)
  A dire elephant simulacrum (Lair:6)
  A wraith (D:13)
  3 basilisks
  56 yaks
  Eustachio (D:5)
  3 wyverns
  4 vampire mosquitoes (D:13)
  A steam dragon (D:8)
  4 acid dragons
  11 water moccasins
  2 ice beasts
  3 elephant zombies (Lair:6)
  An orc warrior (D:9)
  4 black bears (Lair:3)
  2 ogres
  3 necrophages (D:8)
  10 centaurs
  4 lemures (D:7)
  5 elephant skeletons (Lair:6)
  2 kobold brigands
  15 bullfrogs
  A gnoll sergeant (D:9)
  A cane toad simulacrum (Lair:6)
  3 scorpions
  A wyvern zombie (D:8)
  An elephant simulacrum (Lair:6)
  A water moccasin skeleton (D:5)
  4 killer bees (D:8)
  6 wights
  7 howler monkeys
  2 bullfrog zombies
  8 centaur zombies
  4 hounds
  A human zombie (D:8)
  A jelly (D:4)
  A centaur skeleton (D:5)
  3 orc priests
  Crazy Yiuf (D:2)
  A gnoll shaman (D:7)
  Terence (D:2)
  2 iguanas
  A killer bee zombie (D:8)
  2 howler monkey zombies (D:8)
  2 adders
  9 gnolls
  A howler monkey skeleton (D:7)
  A shadow imp (D:7)
  A white imp (D:7)
  An ufetubus (D:4)
  A worm (D:2)
  16 orcs
  7 ball pythons
  5 bats
  4 endoplasms
  3 giant cockroaches
  4 goblins
  7 hobgoblins
  14 jackals
  4 quokkas
  5 frilled lizards
  15 kobolds
  3 rats
415 creatures vanquished.

Vanquished Creatures (collateral kills)
  5 wights
5 creatures vanquished.

Vanquished Creatures (others)
  3 dancing weapons
  21 fungi
  35 plants
  19 withered plants (Lair:6)
78 creatures vanquished.

Grand Total: 498 creatures vanquished

Notes
Turn   | Place    | Note
-------+----------+-------------------------------------------
     0 | D:1      | DogServant the Gnoll Venom Mage began the quest for the
                  | Orb.
     0 | D:1      | Reached XP level 1. HP: 13/13 MP: 6/6
   430 | D:1      | Reached XP level 2. HP: 17/19 MP: 4/7
   998 | D:1      | Found a faded altar of an unknown god.
  1159 | D:1      | Reached XP level 3. HP: 25/25 MP: 1/9
  1273 | D:2      | Found Fagg's General Store.
  1281 | D:2      | Found Weigir's Magic Scroll Shoppe.
  1286 | D:2      | Found a bloodstained altar of Trog.
  1294 | D:2      | Reached skill level 5 in Spellcasting
  1372 | D:2      | Found Ehixoravvi's Weapon Shop.
  1418 | D:2      | Learned a level 2 spell: Poisonous Vapours
  1422 | D:2      | Learned a level 3 spell: Ignite Poison
  1426 | D:2      | Learned a level 3 spell: Mephitic Cloud
  1502 | D:2      | Noticed Terence
  1507 | D:2      | Killed Terence
  1508 | D:2      | Reached skill level 1 in Fighting
  1508 | D:2      | Reached skill level 1 in Short Blades
  1508 | D:2      | Reached skill level 1 in Long Blades
  1508 | D:2      | Reached skill level 1 in Axes
  1508 | D:2      | Reached skill level 1 in Maces & Flails
  1508 | D:2      | Reached skill level 1 in Polearms
  1508 | D:2      | Reached skill level 1 in Staves
  1508 | D:2      | Reached skill level 1 in Slings
  1508 | D:2      | Reached skill level 1 in Bows
  1508 | D:2      | Reached skill level 1 in Crossbows
  1508 | D:2      | Reached skill level 1 in Throwing
  1508 | D:2      | Reached skill level 1 in Armour
  1508 | D:2      | Reached skill level 1 in Shields
  1508 | D:2      | Reached skill level 1 in Unarmed Combat
  1508 | D:2      | Reached skill level 1 in Invocations
  1508 | D:2      | Reached skill level 1 in Evocations
  1526 | D:2      | Reached XP level 4. HP: 12/32 MP: 0/11
  1810 | D:2      | Found Dearyemp's Antique Armour Shop.
  2179 | D:2      | Found a runed translucent door.
  2180 | D:2      | Noticed Crazy Yiuf
  2186 | D:2      | Killed Crazy Yiuf
  2187 | D:2      | Reached skill level 1 in Conjurations
  2187 | D:2      | Reached skill level 1 in Hexes
  2187 | D:2      | Reached skill level 1 in Summonings
  2187 | D:2      | Reached skill level 1 in Necromancy
  2187 | D:2      | Reached skill level 1 in Translocations
  2187 | D:2      | Reached skill level 1 in Fire Magic
  2187 | D:2      | Reached skill level 1 in Ice Magic
  2187 | D:2      | Reached skill level 1 in Air Magic
  2187 | D:2      | Reached skill level 1 in Earth Magic
  2312 | D:2      | Learned a level 4 spell: Olgreb's Toxic Radiance
  2813 | D:3      | Noticed a scorpion
  2821 | D:3      | Killed a scorpion
  2822 | D:3      | Reached XP level 5. HP: 34/37 MP: 0/12
  3647 | D:4      | Noticed a wyvern
  3661 | D:4      | Reached XP level 6. HP: 40/44 MP: 7/14
  3669 | D:4      | Killed a wyvern
  3670 | D:4      | Reached skill level 5 in Dodging
  3693 | D:4      | Reached XP level 7. HP: 46/50 MP: 0/15
  4135 | D:4      | Found an ancient bone altar of Kikubaaqudgha.
  4337 | D:4      | Found a runed translucent door.
  4337 | D:4      | Noticed confidenceinterval's ghost (weakling DsIE)
  4648 | D:5      | Entered Level 5 of the Dungeon
  4779 | D:5      | Noticed crabbyslav's ghost (novice DsAK)
  4882 | D:5      | Reached skill level 5 in Stealth
  5027 | D:5      | Found a runed translucent gate.
  5027 | D:5      | Found a runed translucent gate.
  5027 | D:5      | Found a runed translucent gate.
  5052 | D:5      | Identified a scroll of acquirement
  5052 | D:5      | Acquired the +0 fustibalus "Avixtu" {flame, rF++ rN++
                  | Stlth-}
  5388 | D:5      | Found an iron altar of Okawaru.
  5458 | D:5      | Noticed Eustachio
  5466 | D:5      | Killed Eustachio
  5467 | D:5      | Reached XP level 8. HP: 58/58 MP: 0/16
  6287 | D:2      | Bought a creamy pearl robe for 136 gold pieces
  6287 | D:2      | Identified the +2 robe of Complete Protection {rN+ Will+
                  | Str-4 Stlth+} (You bought it in a shop on level 2 of the
                  | Dungeon)
  7114 | D:7      | Found Reacoam's Weapon Boutique.
  7117 | D:7      | Noticed Pikel
  7138 | D:7      | Acquired the amulet "Dyzxer" {RegenMP Will+}
  7395 | D:7      | Reached XP level 9. HP: 26/65 MP: 15/18
  7955 | D:7      | Found a staircase to the Ecumenical Temple.
  7960 | D:7      | Learned a level 3 spell: Tukima's Dance
  8012 | Temple   | Entered the Ecumenical Temple
  8629 | D:6      | Found a burning altar of Makhleb.
  8929 | D:5      | Became a worshipper of Warmaster Okawaru
  9097 | D:7      | Noticed Harold
  9280 | D:7      | Killed Pikel
  9280 | D:7      | Reached * piety under Okawaru
  9678 | D:8      | Found a staircase to the Lair.
  9683 | D:8      | Found a bloodstained altar of Trog.
  9772 | D:8      | Found an ornate altar of the Wu Jian Council.
 10113 | D:8      | Noticed Joseph
 10160 | D:8      | Found a white marble altar of Elyvilon.
 10172 | D:8      | Reached skill level 5 in Invocations
 10311 | D:8      | Found a basalt altar of Yredelemnul.
 10589 | D:8      | Reached XP level 10. HP: 66/73 MP: 20/20
 10726 | D:8      | Noticed Psyche
 10732 | D:8      | Killed Psyche
 10733 | D:8      | Reached skill level 5 in Fighting
 10733 | D:8      | Reached skill level 5 in Short Blades
 10733 | D:8      | Reached skill level 5 in Long Blades
 10733 | D:8      | Reached skill level 5 in Axes
 10733 | D:8      | Reached skill level 5 in Maces & Flails
 10733 | D:8      | Reached skill level 5 in Polearms
 10733 | D:8      | Reached skill level 5 in Staves
 10733 | D:8      | Reached skill level 5 in Slings
 10733 | D:8      | Reached skill level 5 in Bows
 10733 | D:8      | Reached skill level 5 in Crossbows
 10733 | D:8      | Reached skill level 5 in Throwing
 10733 | D:8      | Reached skill level 5 in Armour
 10733 | D:8      | Reached skill level 5 in Shields
 10733 | D:8      | Reached skill level 5 in Unarmed Combat
 10733 | D:8      | Reached skill level 5 in Evocations
 11105 | D:8      | Identified the +0 leather armour "Vinia" {Rampage Dex+7}
 11204 | D:8      | Killed Joseph
 11204 | D:8      | Reached ** piety under Okawaru
 11916 | D:10     | Entered Level 10 of the Dungeon
 12036 | D:9      | Reached skill level 5 in Transmutations
 12585 | D:9      | Reached *** piety under Okawaru
 12625 | D:9      | Found a glowing golden altar of the Shining One.
 12830 | D:10     | Reached XP level 11. HP: 78/81 MP: 4/22
 13072 | D:10     | Found a sacrificial altar of Ru.
 13232 | D:10     | Noticed a two-headed ogre
 13237 | D:10     | Killed a two-headed ogre
 13238 | D:10     | Reached skill level 5 in Conjurations
 13238 | D:10     | Reached skill level 5 in Hexes
 13238 | D:10     | Reached skill level 5 in Summonings
 13238 | D:10     | Reached skill level 5 in Necromancy
 13238 | D:10     | Reached skill level 5 in Translocations
 13238 | D:10     | Reached skill level 5 in Fire Magic
 13238 | D:10     | Reached skill level 5 in Ice Magic
 13238 | D:10     | Reached skill level 5 in Air Magic
 13238 | D:10     | Reached skill level 5 in Earth Magic
 13402 | D:10     | Reached **** piety under Okawaru
 13666 | D:10     | Noticed a centaur warrior
 13681 | D:10     | Killed a centaur warrior
 13839 | D:10     | Learned a level 5 spell: Manifold Assault
 13858 | D:10     | Noticed a rakshasa
 13866 | D:10     | Learned a level 5 spell: Irradiate
 13866 | D:10     | Acquired a scarf of invisibility
 13902 | D:10     | Noticed a boulder beetle
 14062 | Lair:1   | Entered Level 1 of the Lair of Beasts
 14143 | Lair:1   | Found a blossoming altar of Fedhas.
 14166 | Lair:1   | Noticed an oklob plant
 14529 | Lair:1   | Identified the +1 ring mail "Vemau" {Harm *Slow rF+ Int+3}
 14886 | Lair:1   | Identified the amulet "Bopsoh" {Regen+ Int+5}
 15077 | Lair:2   | Received a gift from Okawaru
 15080 | Lair:2   | Noticed a five-headed hydra
 15089 | Lair:2   | Received a gift from Okawaru
 15089 | Lair:2   | Reached ***** piety under Okawaru
 15661 | Lair:2   | Killed a five-headed hydra
 15662 | Lair:2   | Reached XP level 12. HP: 56/89 MP: 24/24
 16191 | Lair:2   | Received a gift from Okawaru
 16328 | Lair:2   | Identified the +2 pair of gloves "Renus" {rC+} (Okawaru
                  | gifted it to you on level 2 of the Lair of Beasts)
 16328 | Lair:2   | Received a gift from Okawaru
 16757 | Lair:2   | Noticed Fannar
 16989 | Lair:2   | Found a hole to the Spider Nest.
 18646 | Lair:3   | Noticed a four-headed hydra
 18652 | Lair:3   | Killed a four-headed hydra
 19034 | Lair:4   | Killed Fannar
 19074 | Lair:4   | Found a staircase to the Swamp.
 19149 | Lair:4   | Noticed a six-headed hydra
 19157 | Lair:4   | Killed a six-headed hydra
 19158 | Lair:4   | Reached XP level 13. HP: 73/98 MP: 22/26
 19323 | Lair:4   | Received a gift from Okawaru
 19982 | Lair:4   | Gained mutation: Your system is resistant to poisons.
                  | (rPois) [potion of mutation]
 19982 | Lair:4   | Gained mutation: Your natural rate of healing is unusually
                  | fast. [potion of mutation]
 19982 | Lair:4   | Gained mutation: Your mind is acute. (Int +2) [potion of
                  | mutation]
 20037 | Lair:5   | Received a gift from Okawaru
 20194 | Lair:5   | Found a viscous altar of Jiyva.
 20194 | Lair:5   | Found a staircase to the Slime Pits.
 20224 | Lair:5   | Received a gift from Okawaru
 20323 | Lair:5   | Received a gift from Okawaru
 20551 | Lair:5   | Reached ****** piety under Okawaru
 20697 | Lair:5   | Received a gift from Okawaru
 20924 | Lair:5   | Found a glowing golden altar of the Shining One.
 21095 | Lair:6   | Entered Level 6 of the Lair of Beasts
 21140 | Lair:6   | Reached skill level 10 in Spellcasting
 21241 | Lair:6   | Received a gift from Okawaru
 21432 | Lair:6   | Noticed a dire elephant
 21444 | Lair:6   | Killed a dire elephant
 21510 | Lair:6   | Noticed a dire elephant
 21510 | Lair:6   | Noticed a dire elephant
 21546 | Lair:6   | Found the +9 staff of Olgreb {rPois∞}
 21565 | Lair:6   | Received a gift from Okawaru
 21566 | Lair:6   | Reached XP level 14. HP: 74/106 MP: 11/28
 21573 | Lair:6   | Reached skill level 10 in Dodging
 21789 | Lair:6   | Received a gift from Okawaru
 22039 | Lair:6   | Reached skill level 10 in Stealth
 22823 | D:11     | Reached skill level 10 in Invocations
 22948 | D:11     | Noticed Erolcha
 22965 | D:11     | Killed Erolcha
 23015 | D:11     | You fall into a shaft and drop 2 floors!
 23109 | D:13     | Noticed Maurice
 23117 | D:13     | Killed Maurice
 23171 | D:13     | Received a gift from Okawaru
 23267 | D:13     | Learned a level 6 spell: Statue Form
 23377 | D:13     | Received a gift from Okawaru
 23450 | D:13     | Found a gate to the Vaults.
 23485 | D:13     | Received a gift from Okawaru
 24172 | D:13     | Found a gate to the Vaults.
 24949 | D:14     | Reached XP level 15. HP: 115/115 MP: 27/29
 25024 | D:14     | Slain by a titanic slime creature

Illustrated notes

Levels and vault maps discovered:
D:1:      wander_arrival_fairy_ring, layout_basic,
          chequers_ecumenical_altar_island
D:2:      layout_loops_ring, basic_altar, serial_shops, shop, shop,
          nicolae_shop_trees, shop, hangedman_abyss_or_decor_stabs,
          uniq_terence, uniq_crazy_yiuf_cottage
D:3:      layout_basic, serial_bayou_crossing
D:4:      layout_loops_ring, nicolae_kikubaaqudgha_miasma_corner,
          ebering_ghost_inner_flame
D:5:      layout_rooms, okawaru_ov_weapons_minmay, gammafunk_ghost_icy,
          kennysheep_cluttered_room, uniq_eustachio
D:6:      layout_rooms, lemuel_doored_altar
D:7:      layout_basic, minmay_temple_entry_enclosed_plants, serial_shops,
          nicolae_shop_crystal, uniq_harold, uniq_pikel
D:8:      layout_gridville, kennysheep_mini, kennysheep_mini_moat,
          lemuel_round_altar, lemuel_mausoleum_altar_yredelemnul,
          lair_entry_dummy, minmay_misc_feat_more_columns, uniq_joseph,
          uniq_psyche
D:9:      layout_rooms, tso_altar
D:10:     layout_grid_maze, nicolae_ru_awakened_eye, serial_shops, shop,
          kb_rosetta
D:11:     layout_basic, special_room [special_room_bee], uniq_erolcha
D:13:     layout_basic, erik_vaults_2, uniq_maurice
D:14:     layout_loops_ring
Temple:   cyrus_circular_temple
Lair:1:   layout_roguey, serial_bayou_lagoon_a, tgw_fedhas
Lair:2:   layout_cave_shapes, spider_nest_entry_web_field, grunt_megastairs_1,
          infiniplex_staircase_pool_2, lemuel_fruit_tree, lemuel_fruit_fields,
          uniq_fannar
Lair:3:   layout_cave_pods, minmay_lair_oklob_items, beast_lair_carwin_2
Lair:4:   layout_cave_pods, swamp_mist
Lair:5:   layout_gridlike, slime_altar_1, lemuel_centaur_altar
Lair:6:   due_jungle_book, layout_regular_city, grunt_forest_small_clearings

Skill      XL: |  1  2  3  4  5  6  7  8  9 10 11 12 13 14 |
---------------+-------------------------------------------+-----
Transmutations | 2 3 4 5 6 7 8 |  8.5
Spellcasting   | 5 6 7 8 9 10 | 10.9
Fighting       | 1 2 3 4 5 6 7 8 9 |  9.7
Short Blades   | 1 2 3 4 5 6 7 8 9 |  9.7
Long Blades    | 1 2 3 4 5 6 7 8 9 |  9.7
Axes           | 1 2 3 4 5 6 7 8 9 |  9.7
Maces & Flails | 1 2 3 4 5 6 7 8 9 |  9.7
Polearms       | 1 2 3 4 5 6 7 8 9 |  9.7
Staves         | 1 2 3 4 5 6 7 8 9 |  9.7
Slings         | 1 2 3 4 5 6 7 8 9 |  9.7
Bows           | 1 2 3 4 5 6 7 8 9 |  9.7
Crossbows      | 1 2 3 4 5 6 7 8 9 |  9.7
Throwing       | 1 2 3 4 5 6 7 8 9 |  9.7
Armour         | 1 2 3 4 5 6 7 8 9 |  9.7
Shields        | 1 2 3 4 5 6 7 8 9 |  9.7
Unarmed Combat | 1 2 3 4 5 6 7 8 9 |  9.7
Invocations    | 1 2 3 4 5 6 7 8 9 10 | 10.5
Evocations     | 1 2 3 4 5 6 7 8 9 |  9.7
Conjurations   | 1 2 3 4 5 6 7 8 |  8.1
Hexes          | 1 2 3 4 5 6 7 8 |  8.1
Summonings     | 1 2 3 4 5 6 7 8 |  8.1
Necromancy     | 1 2 3 4 5 6 7 8 |  8.1
Translocations | 1 2 3 4 5 6 7 8 |  8.1
Fire Magic     | 1 2 3 4 5 6 7 8 |  8.1
Ice Magic      | 1 2 3 4 5 6 7 8 |  8.1
Air Magic      | 1 2 3 4 5 6 7 8 |  8.1
Earth Magic    | 1 2 3 4 5 6 7 8 |  8.1
Dodging        | 5 6 7 8 9 10 | 10.7
Stealth        | 5 6 7 8 9 10 | 10.5
Poison Magic   | 6 7 8 9 |  9.8

Action                   |  1- 3 |  4- 6 |  7- 9 | 10-12 | 13-15 || total
-------------------------+-------+-------+-------+-------+-------++-------
Melee: Unarmed           |     1 |       |       |       |       ||     1
       Whip              |    26 |    64 |   246 |   231 |   465 ||  1032
       Bite              |     3 |     5 |    34 |    22 |    92 ||   156
       Punch             |       |       |     4 |     8 |    31 ||    43
       Staff             |       |       |       |       |    99 ||    99
 Fire: Fustibalus        |       |       |    12 |     3 |       ||    15
 Cast: Sting             |    56 |    25 |    18 |    35 |    29 ||   163
       Poisonous Vapours |     5 |    17 |    36 |    67 |    63 ||   188
       Ignite Poison     |       |     5 |    13 |    34 |    39 ||    91
       Olgreb's Toxic Ra |       |     1 |     7 |    35 |    35 ||    78
       Mephitic Cloud    |       |     1 |    10 |    19 |     7 ||    37
       Tukima's Dance    |       |       |     7 |    13 |     1 ||    21
       Manifold Assault  |       |       |       |     7 |    15 ||    22
       Statue Form       |       |       |       |       |     5 ||     5
       Irradiate         |       |       |       |       |     3 ||     3
Invok: Heroism           |       |       |       |     5 |     5 ||    10
       Finesse           |       |       |       |       |     2 ||     2
 Abil: Evoke Invisibilit |       |       |       |       |     1 ||     1
Evoke: Wand              |       |       |       |    15 |     7 ||    22
       Staff of Olgreb   |       |       |       |       |     3 ||     3
  Use: Scroll            |       |       |    17 |    13 |     5 ||    35
       Potion            |       |       |       |     1 |     1 ||     2
 Stab: Sleeping          |       |       |     3 |       |     5 ||     8
       Confused          |       |       |     1 |     1 |     1 ||     3
       Distracted        |       |       |     1 |     4 |    20 ||    25
Armor: Robe              |    14 |    23 |    31 |     1 |       ||    69
       Leather armour    |       |       |    42 |       |       ||    42
       Steam dragon scal |       |       |       |    91 |   124 ||   215
       Skin              |       |       |       |       |    35 ||    35
Dodge: Dodged            |    40 |    78 |   156 |   204 |   313 ||   791

Table legend: (Time is in decaauts)
 A = Elapsed time spent in this place.
 B = Non-inter-level travel time spent in this place.
 C = Inter-level travel time spent in this place.
 D = Time resting spent in this place.
 E = Time spent auto-exploring this place.
 F = Levels seen in this place.
 G = Mean time per level.
                   A        B        C        D        E       F      G
               +--------+--------+--------+--------+--------+-----+--------+
         Total |  24891 |  23108 |   1783 |   5882 |  13774 |  20 | 1244.6 |
       Dungeon |  16575 |  15113 |   1462 |   3561 |   9236 |  13 | 1275.0 |
        Temple |     66 |     57 |      9 |      0 |     43 |   1 |   66.0 |
          Lair |   8249 |   7937 |    312 |   2321 |   4495 |   6 | 1374.8 |
               +--------+--------+--------+--------+--------+-----+--------+

Top non-repeatable levels by time:
     D:8: 2385 daAuts
     D:7: 2012 daAuts
  Lair:2: 1858 daAuts
    D:13: 1791 daAuts
  Lair:3: 1782 daAuts
     D:4: 1507 daAuts
  Lair:6: 1378 daAuts
    D:10: 1378 daAuts
     D:1: 1258 daAuts
     D:5: 1251 daAuts
     D:3: 1231 daAuts
     D:2: 1186 daAuts
     D:6: 1183 daAuts
  Lair:1: 1085 daAuts
  Lair:5: 1079 daAuts
